AoeStats
← NPG | FishCL

Arabia

508300612Analyzed
1v1 RM · 9d ago on Sep 21, 2026· 37m 9s· 2 players
Game mode
Random Map
Map size
Tiny (2 player)
Population
200
Speed
Normal
Resources
Standard
Victory
Conquest
Starting age
Dark Age
Ending age
Imperial Age
RankedLock teamsTeams togetherTeam positionsShared explorationLock speedFull tech treeHidden civsTurbo modeCheats
Victory
Defeat
🇨🇱 Wei · Chile
1563
+9
🇺🇸 Khitans · United States
1413
-9
NPG | FishCL
6:35 Loom
9:14 Feudal Age
9:50 Double-Bit Axe
9:47 Horse Collar
20:49 Castle Age
18:49 Gold Mining
20:54 Fletching
21:16 Bloodlines
21:44 Bodkin Arrow
22:04 Bow Saw
22:41 Padded Archer Armor
23:06 Husbandry
27:05 Padded Archer Armor
30:16 Thumb Ring
32:36 Ballistics
34:00 Leather Archer Armor
35:44 Wheelbarrow
35:51 Heavy Plow
Toothless
5:03 Loom
9:06 Feudal Age
15:24 Forging
17:10 Double-Bit Axe
18:35 Wheelbarrow
21:41 Castle Age
22:04 Scale Barding Armor
21:56 Domestication
22:10 Town Watch
23:01 Iron Casting
21:48 Light Cavalry
22:29 Husbandry
23:06 Chain Barding Armor
29:27 Bow Saw
34:22 Fletching
Connection lost

Rejoining the realm…

Still unreachable

The connection could not be restored.

Session expired

The server has moved on; the page needs a fresh start.